[ PARTIDA AOE2 · #506685068 ]
UnrankedBereberes vs Tatars
Equipo del jugador · DERR
Equipo rival · VICT
[ ANÁLISIS DE REPETICIÓN · EXTRAÍDO DE LA PARTIDA GRABADA ]
Feudal
—
Castillos
—
Imperial
—
| APM promedio | 72.1 |
| APM pico | 99 |
| eAPM promedio | 25.4 |
| Aldeanos / militares | 9 / 0 |
Foco
⚔️ 32.8% · 🌾 67.2%
Feudal
—
Castillos
—
Imperial
—
| APM promedio | 56.5 |
| APM pico | 64 |
| eAPM promedio | 27.4 |
| Aldeanos / militares | 19 / 0 |
Foco
⚔️ 32.6% · 🌾 67.4%
Mapa de la partida
Recursos iniciales + cada clic de construcción. Líneas = muros · curvas = relieve. ◆ oro · ⬟ piedra · ● bayas · ✦ reliquia · ◌ hueco del cierre
Tu base
Base de Puttsson
Terreno inicial suavizado · ◌ = hueco del cierre detectado · pasá el cursor para detalles
Inputs por minuto
— dylanrobinson54 - - Puttsson
Build order — dylanrobinson54
14 acciones detectadas en el replay
| 0:00 | Encolar | Villager (Male) |
| 0:02 | Construir | House |
| 0:03 | Construir | House |
| 0:11 | Investigar | Loom |
| 0:23 | Encolar | Villager (Male) |
| 0:27 | Encolar | Villager (Male) |
| 0:50 | Encolar | Villager (Male) |
| 2:41 | Encolar | Villager (Male) |
| 2:41 | Encolar | Villager (Male) |
| 4:04 | Encolar | Villager (Male) |
| 5:22 | Encolar | Villager (Male) |
| 5:37 | Construir | Palisade Wall |
| 5:48 | Encolar | Villager (Male) |
| 5:56 | Construir | Palisade Wall |
Build order — Puttsson
23 acciones detectadas en el replay
| 0:00 | Encolar | Villager (Male) ×4 |
| 0:02 | Construir | House |
| 0:03 | Construir | House |
| 0:27 | Investigar | Loom |
| 0:28 | Encolar | Villager (Male) |
| 0:28 | Encolar | Villager (Male) |
| 0:28 | Encolar | Villager (Male) |
| 2:01 | Encolar | Villager (Male) |
| 2:02 | Encolar | Villager (Male) |
| 2:41 | Encolar | Villager (Male) |
| 2:41 | Encolar | Villager (Male) |
| 3:33 | Encolar | Villager (Male) |
| 3:47 | Construir | Palisade Gate |
| 3:56 | Encolar | Villager (Male) |
| 3:59 | Construir | House |
| 4:03 | Construir | Palisade Wall |
| 4:32 | Encolar | Villager (Male) |
| 4:50 | Encolar | Villager (Male) |
| 5:19 | Encolar | Villager (Male) |
| 5:19 | Encolar | Villager (Male) |
| 5:51 | Encolar | Villager (Male) |
| 5:51 | Encolar | Villager (Male) |
| 6:08 | Construir | House |
Cronología de la partida
| 4:03 | Puttsson · wall_segment Palisade Wall x1 |
| 5:37 | dylanrobinson54 · wall_segment Palisade Wall x2 |
| 5:56 | dylanrobinson54 · wall_segment Palisade Wall x1 |
| 6:12 | dylanrobinson54 · resign |
[ ANÁLISIS IA · 1 CRÉDITO ]
¿Qué pasó realmente en esta partida?
Wolo.gg analiza cada decisión: build order, eco, micro, errores típicos por bracket. Análisis personalizado por WhatsApp o Discord en 30 segundos.
Guía civ
Bereberes
Perfil
Jugador #1876372